 Dungeon Crawl Stone Soup version 0.28.0 (webtiles) character file.

Game seed: 10367858270280881508

131 issech the Cudgeller (level 4, -3/45 HPs)
             Began as a Troll Monk on Feb 18, 2022.
             Succumbed to an orc wizard's poison
             ... on level 3 of the Dungeon.
             The game lasted 00:04:47 (1572 turns).

issech the Cudgeller (Troll Monk)                   Turns: 1572, Time: 00:04:47

Health: -3/45      AC:  4    Str: 19    XL:     4   Next: 91%
Magic:  3/3        EV: 10    Int:  6    God:
Gold:   84         SH:  0    Dex: 14    Spells: 3/3 levels left

rFire   . . .      SeeInvis .   k - +0 morningstar
rCold   . . .      Faith    .   (no shield)
rNeg    . . .      Spirit   .   b - +0 robe
rPois   .          Reflect  .   (helmet restricted)
rElec   .          Harm     .   (no cloak)
rCorr   .          Rampage  .   (gloves unavailable)
Will    .....                   (boots unavailable)
Stlth   ++........              (no amulet)
HPRegen 0.95/turn               (no ring)
MPRegen 0.08/turn               (no ring)

@: lethally poisoned (-3 -> -19)
A: large, unfitting armour, claws 3, regeneration 1, shaggy fur 1, tough skin 1
a: no special abilities


You were on level 3 of the Dungeon.
You visited 1 branch of the dungeon, and saw 3 of its levels.

You collected 84 gold pieces.

Inventory:

Hand Weapons
 a - a +0 mace
 k - a +0 morningstar (weapon)
 l - a +0 flail
Missiles
 f - 142 stones (quivered)
 h - 4 large rocks
Armour
 b - a +0 robe (worn)
Magical Staves
 d - a staff of death
Scrolls
 c - 2 scrolls of identify {unknown}
 e - a scroll of fear {unknown}
Potions
 g - 2 potions of berserk rage {unknown}
 i - a potion of resistance {unknown}
 j - a potion of lignification {unknown}
 m - 2 potions of heal wounds {unknown}


   Skills:
 + Level 3.2 Fighting
 + Level 3.8 Maces & Flails
 + Level 3.2 Dodging
 + Level 1.1 Stealth


You had 3 spell levels left.
You didn't know any spells.
Your spell library contained the following spells:

 Spells                   Type           Power      Damage    Failure   Level
 Gell's Gravitas          Tloc           0%         N/A       83%         3
 Teleport Other           Tloc           0%         N/A       83%         3
 Dispersal                Tloc           0%         N/A       100%        6


Dungeon Overview and Level Annotations

Branches:
Dungeon (3/15)

Altars:

Annotations:
D:3 1 transporter


Innate Abilities, Weirdness & Mutations

You are too large for most types of armour.
You have claws for hands.
Your natural rate of healing is unusually fast.
You are covered in fur. (AC +1)
You have tough skin. (AC +1)


Message History

The orc hits you with a +0 club.
You puncture the orc!
You kill the orc!
You puncture something! Something hits you but does no damage.
Something hits you.
You miss something. Something completely misses you.
You barely miss something. Something hits you but does no damage.
You are poisoned.
You barely miss something.
You feel very sick. Something hits you but does no damage.
You are more poisoned.
Something hits you.
You are more poisoned.
You closely miss something.
You feel very sick.
You hear some strange, mumbled words.
A magic dart appears from out of thin air!
The magic dart hits you.
You miss something.
You feel very sick. Something hits you but does no damage.
You miss something.
You feel very sick. Something hits you.
You are more poisoned.
You barely miss something.
You feel very sick. Something hits you but does no damage.
You are more poisoned.
Something hits you.
You are lethally poisoned!
You closely miss something.
* * * LOW HITPOINT WARNING * * *
You feel extremely sick.
You hear some strange, mumbled words.
A puff of flame appears from out of thin air!
The puff of flame hits you!
* * * LOW HITPOINT WARNING * * *
You die...

### ..#
#.# #.#
#.# #o#
#{# #)#
#@# #.#
#.# #.#
#.# #.#
##### #.#
....#
#######.#
....#
#.......#


You could see an orc.

Vanquished Creatures
  2 orc priests (D:3)
  A gnoll (D:1)
  2 adders (D:2)
  A dart slug (D:2)
  5 orcs (D:3)
  3 ball pythons
  4 bats
  4 endoplasms
  2 giant cockroaches
  6 goblins
  A hobgoblin (D:1)
  A frilled lizard (D:3)
  3 kobolds
  3 rats
38 creatures vanquished.

Notes
Turn   | Place    | Note
-------+----------+-------------------------------------------
     0 | D:1      | issech the Troll Monk began the quest for the Orb.
     0 | D:1      | Reached XP level 1. HP: 22/22 MP: 0/0
   319 | D:1      | Reached XP level 2. HP: 29/29 MP: 1/1
   783 | D:2      | Reached XP level 3. HP: 35/36 MP: 2/2
   898 | D:2      | Found a faded altar of an unknown god.
  1292 | D:3      | Reached XP level 4. HP: 23/45 MP: 3/3
  1448 | D:3      | Found a transporter.
  1571 | D:3      | HP: 1/45 [something/puff of flame (11)]
  1572 | D:3      | Succumbed to an orc wizard's poison

Illustrated notes

Levels and vault maps discovered:
D:1:      minmay_arrival_hallway, layout_rooms, serial_aquarium,
          aquarium_bridge_island_small [aquarium_subvault_small_open,
          aquarium_subvault_wall, aquarium_subvault_window,
          aquarium_subvault_bridge, aquarium_subvault_wall],
          aquarium_bridge_straight [aquarium_subvault_bridge,
          aquarium_subvault_window, aquarium_subvault_bridge,
          aquarium_subvault_wall], aquarium_window_2, aquarium_window_1,
          aquarium_window_1, aquarium_view_2c, aquarium_pool_four
D:2:      layout_rooms, basic_ecumenical_altar
D:3:      gammafunk_wand_slinger, layout_basic, uniq_robin

Skill      XL: |  1  2  3 |
---------------+----------+-----
Maces & Flails | 3 |  3.8
Fighting       | 3 |  3.2
Dodging        | 3 |  3.2
Stealth        | |  1.1

Action                   |  1- 3 |  4- 6 || total
-------------------------+-------+-------++-------
Melee: Mace              |    64 |     6 ||    70
       Morningstar       |       |    38 ||    38
       Punch             |       |     2 ||     2
 Stab: Sleeping          |       |     1 ||     1
Armor: Robe              |    27 |    11 ||    38
Dodge: Dodged            |    49 |    17 ||    66
